 Dungeon Crawl Stone Soup version 0.30-a0-465-g8901f6c8b5 (webtiles) character file.

Game seed: 1539005543622610190

491 HoaS the Skirmisher (level 7, 0/40 HPs)
             Began as a Kobold Hunter on Dec 18, 2022.
             Was an Initiate of Makhleb.
             Slain by a two-headed ogre
             ... wielding a +0 giant club
              (27 damage)
             ... on level 4 of the Dungeon.
             The game lasted 00:06:14 (3388 turns).

HoaS the Skirmisher (Kobold Hunter)                 Turns: 3388, Time: 00:06:14

Health: 0/40       AC:  3    Str:  9    XL:     7   Next: 37%
Magic:  7/7        EV: 14    Int: 10    God:    Makhleb [......]
Gold:   184        SH:  0    Dex: 20    Spells: 6/6 levels left

rFire   . . .      SeeInvis .    a - +0 shortbow
rCold   . . .      Faith    .    (shield currently unavailable)
rNeg    . . .      Spirit   .    c - +0 leather armour
rPois   .          Reflect  .    (no helmet)
rElec   .          Harm     .    (no cloak)
rCorr   .          Rampage  .    (no gloves)
Will    .....                    (no boots)
Stlth   +++.......               (no amulet)
HPRegen 0.26/turn                (no ring)
MPRegen 0.10/turn                (no ring)

@: no status effects
A: small, no large weapons, nightstalker 3
a: Renounce Religion


You were on level 4 of the Dungeon.
You worshipped Makhleb.
Makhleb was noncommittal.
You visited 1 branch of the dungeon, and saw 4 of its levels.

You collected 184 gold pieces.

Inventory:

Hand Weapons
 a - a +0 shortbow (weapon)
Armour
 c - a +0 leather armour (worn)
Wands
 e - a wand of iceblast (4)
Scrolls
 b - 2 scrolls of immolation
 g - 3 scrolls of teleportation
 h - 3 scrolls of identify
 j - a scroll of brand weapon {unknown}
 l - 2 scrolls of vulnerability {unknown}
Potions
 d - a potion of attraction
 f - 3 potions of curing
 i - a potion of might {unknown}
 k - a potion of mutation {unknown}


   Skills:
 - Level 2.1 Fighting
 + Level 10.9 Ranged Weapons
 - Level 2.4 Dodging
 - Level 1.3 Stealth


You had 6 spell levels left.
You didn't know any spells.
Your spell library contained the following spells:

 Spells                   Type           Power      Damage    Failure   Level
 Beastly Appendage        Tmut           0%         N/A       47%         1
 Slow                     Hex            0%         N/A       47%         1
 Wereblood                Tmut           0%         N/A       63%         2
 Call Canine Familiar     Summ           0%         N/A       85%         3
 Confusing Touch          Hex            0%         N/A       85%         3
 Portal Projectile        Hex/Tloc       0%         N/A       85%         3
 Spider Form              Tmut/Pois      0%         N/A       85%         3
 Vampiric Draining        Necr           0%         2d6       85%         3
 Leda's Liquefaction      Hex/Erth       0%         N/A       99%         4


Dungeon Overview and Level Annotations

Branches:
Dungeon (4/15)
 Temple: D:4-7

Altars:
Cheibriados
Elyvilon
Kikubaaqudgha
Makhleb

Annotations:
D:4 exclusions: ogre and two-headed ogre


Innate Abilities, Weirdness & Mutations

You are small and have problems with some larger weapons.
You are completely attuned to the shadows.


Message History

No target in view!
k - a viscous golden potion You now have 184 gold pieces (gained 8).
Things that are here:
6 poisoned darts; a hobgoblin corpse
l - 2 scrolls labelled WATUONT ZOSTI (gained 1)
h - 3 scrolls of identify (gained 1)
A two-headed ogre comes into view. It is wielding two +0 giant clubs.
Press: ? - help, . - travel You can't see that place. [the floor.] Placed new exclusion.
An orc wizard comes into view.
It is wielding a +0 dagger of electrocution.
You shoot an arrow.
The arrow completely misses the orc wizard.
The orc wizard shouts!
You hear two shouts!
You shoot an arrow.
The arrow closely misses the orc wizard.
The orc wizard casts a spell.
The orc wizard flickers and vanishes!
Deactivating autopickup; reactivate with Ctrl-A.
No target in view!
No target in view!
No target in view!
You shoot an arrow. You shoot an arrow.
A magic dart appears from out of thin air!
The magic dart hits you!
You shoot an arrow. You shoot an arrow. Something hits you.
You shoot an arrow. Something hits you.
You shoot an arrow.
You hear some strange, mumbled words.
A puff of flame appears from out of thin air!
The puff of flame misses you.
You shoot an arrow. Something hits you.
You shoot an arrow. Something barely misses you.
The two-headed ogre hits you with a +0 giant club!!
Ouch! That really hurt!
You die...

.# #...##
.####....####
....†........
##.#.##.###.#
##.#.##(### #.#
##........... ..#
##.#.#.##.###.##.#
...#...........O.#
##.#.#.#.##.#.##@#
##...#........##{#
##.#......#.#....#
...#.#......#{##.#
##........#...##.#
##.#.##.#.#.#.##.#
.......[....#....#
##.###.##.#.#.##.
..............#


You could see a two-headed ogre.

Vanquished Creatures
  Pargi (D:4)
  A phantom (D:3)
  A scorpion (D:4)
  A hound (D:3)
  Ijyb (D:4)
  Natasha (thrice) (D:2)
  5 adders
  4 dart slugs
  7 orcs
  7 ball pythons
  4 bats (D:1)
  5 endoplasms
  4 giant cockroaches
  5 goblins
  7 hobgoblins
  9 jackals
  2 kobolds
  3 quokkas
  2 frilled lizards
  2 rats
74 creatures vanquished.

Notes
Turn   | Place    | Note
-------+----------+-------------------------------------------
     0 | D:1      | HoaS the Kobold Hunter began the quest for the Orb.
     0 | D:1      | Reached XP level 1. HP: 12/12 MP: 1/1
     2 | D:1      | Noticed a troll
     2 | D:1      | Noticed a demonspawn
     4 | D:1      | Noticed a tengu
     6 | D:1      | Noticed a naga
     6 | D:1      | Noticed a meteoran
     9 | D:1      | Noticed an elf
     9 | D:1      | Noticed an armataur
    11 | D:1      | Noticed a human
    13 | D:1      | Noticed a vine stalker
    13 | D:1      | Noticed a draconian
    15 | D:1      | Noticed a merfolk
    17 | D:1      | Noticed a minotaur
    17 | D:1      | Noticed a felid
    19 | D:1      | Noticed a formicid
    19 | D:1      | Noticed an ogre
    21 | D:1      | Noticed a ghoul
    21 | D:1      | Noticed a demigod
    23 | D:1      | Noticed an octopode
    23 | D:1      | Noticed a spriggan
    25 | D:1      | Noticed a gargoyle
    27 | D:1      | Noticed a human
    27 | D:1      | Noticed a naga
    82 | D:1      | Reached XP level 2. HP: 17/17 MP: 2/2
    86 | D:1      | Reached skill level 6 in Ranged Weapons
   197 | D:1      | Reached XP level 3. HP: 21/21 MP: 3/3
   635 | D:2      | Noticed Natasha
   637 | D:2      | Killed Natasha
   638 | D:2      | Reached skill level 7 in Ranged Weapons
   638 | D:2      | Reached XP level 4. HP: 20/26 MP: 4/4
   681 | D:2      | Noticed Natasha
   686 | D:2      | Killed Natasha
   804 | D:2      | Reached XP level 5. HP: 30/30 MP: 5/5
  1035 | D:2      | Noticed Natasha
  1047 | D:2      | Killed Natasha
  1048 | D:2      | Reached skill level 8 in Ranged Weapons
  1580 | D:3      | Found a faded altar of an unknown god.
  2163 | D:3      | Found a snail-covered altar of Cheibriados.
  2164 | D:3      | Found a burning altar of Makhleb.
  2297 | D:3      | Became a worshipper of Makhleb the Destroyer
  2328 | D:4      | Noticed Ijyb
  2344 | D:4      | Killed Ijyb
  2345 | D:4      | Reached skill level 9 in Ranged Weapons
  2345 | D:4      | Reached XP level 6. HP: 6/35 MP: 6/6
  2529 | D:4      | Found an ancient bone altar of Kikubaaqudgha.
  2550 | D:4      | Found a white marble altar of Elyvilon.
  2725 | D:4      | Noticed an ogre
  2989 | D:4      | Noticed Pargi
  3017 | D:3      | Reached skill level 10 in Ranged Weapons
  3017 | D:3      | Reached XP level 7. HP: 7/40 MP: 7/7
  3159 | D:4      | Killed Pargi
  3364 | D:4      | Noticed a two-headed ogre
  3388 | D:4      | Slain by a two-headed ogre

Illustrated notes

Levels and vault maps discovered:
D:1:      kb_arrival_jail, layout_basic
D:2:      layout_basic, uniq_natasha
D:3:      layout_basic, gammafunk_temple_overflow_statue,
          hellmonk_ecumenical_altar_defaced_shrine, minivault_11
D:4:      layout_rooms, nicolae_kikubaaqudgha_miasma_corner,
          mainiacjoe_overflow_alcove_1, minmay_diced_spiral, uniq_ijyb,
          uniq_pargi

Skill      XL: |  1  2  3  4  5  6 |
---------------+-------------------+-----
Ranged Weapons | 6 7 9 10 | 10.9
Fighting       | |  2.1
Dodging        | |  2.4
Stealth        | |  1.3

Action                   |  1- 3 |  4- 6 |  7- 9 || total
-------------------------+-------+-------+-------++-------
 Fire: Shortbow          |    52 |   152 |    26 ||   230
  Use: Scroll            |       |    11 |       ||    11
       Potion            |       |     1 |     1 ||     2
Armor: Leather armour    |     6 |    29 |     2 ||    37
Dodge: Dodged            |    14 |   114 |    22 ||   150

Table legend: (Time is in decaauts)
 A = Elapsed time spent in this place.
 B = Non-inter-level travel time spent in this place.
 C = Inter-level travel time spent in this place.
 D = Time resting spent in this place.
 E = Time spent auto-exploring this place.
 F = Levels seen in this place.
 G = Mean time per level.
                   A        B        C        D        E       F      G
               +--------+--------+--------+--------+--------+-----+--------+
         Total |   3442 |   3245 |    197 |    695 |   2018 |   4 |  860.5 |
       Dungeon |   3442 |   3245 |    197 |    695 |   2018 |   4 |  860.5 |
               +--------+--------+--------+--------+--------+-----+--------+

Top non-repeatable levels by time:
     D:3: 1343 daAuts
     D:2: 808 daAuts
     D:4: 682 daAuts
     D:1: 607 daAuts
